 Dungeon Crawl Stone Soup version 0.25-b1-37-g2669288c55 (webtiles) character file.

Game seed: 4037059177959070801

1274 1994 the Skirmisher (level 8, -8/87 HPs)
             Began as an Ogre Chaos Knight on June 5, 2020.
             Was a Plaything of Xom.
             Mangled by a swamp worm (shapeshifter) (16 damage)
             ... on level 5 of the Dungeon.
             The game lasted 00:16:28 (5486 turns).

1994 the Skirmisher (Ogre Chaos Knight)             Turns: 5486, Time: 00:16:28

Health: -8/87      AC:  5    Str: 19    XL:     8   Next: 53%
Magic:  0/8        EV:  9    Int: 13    God:    Xom [...*..]
Gold:   243        SH:  0    Dex:  8    Spells: 7/7 levels left

rFire    . . .     SeeInvis .   y - +0 giant club
rCold    . . .     Gourm    .   (shield currently unavailable)
rNeg     . . .     Faith    .   z - +2 robe
rPois    +         Spirit   .   (helmet restricted)
rElec    .         Reflect  .   D - +0 cloak
rCorr    .         Harm     .   (gloves unavailable)
MR       .....                  (boots unavailable)
Stlth    +.........             (no amulet)
HPRegen  1.04/turn              w - ring of poison resistance
MPRegen  0.11/turn              (no ring)

@: hasted, drained, very quick
A: large, unfitting armour, horns 1, blurry vision 1, deformed body,
regeneration 2, tough skin 1, MP-powered wands
a: Renounce Religion


You were on level 5 of the Dungeon.
You worshipped Xom.
You were a favourite toy of Xom.
You were hungry.

You visited 1 branch of the dungeon, and saw 6 of its levels.

You collected 243 gold pieces.

Inventory:

Hand Weapons
 a - a +0 mace of chaos
 b - a +1 whip of venom
 f - a +0 dire flail
 y - a +0 giant club (weapon)
Missiles
 g - 180 stones
 t - 4 poisoned darts (quivered)
Armour
 z - a +2 robe (worn)
 D - a +0 cloak (worn)
Jewellery
 h - an uncursed ring of protection from fire {unknown}
 q - a +4 ring of protection {unknown}
 w - a ring of poison resistance (left hand)
Wands
 x - a wand of flame (7)
Scrolls
 e - a scroll of remove curse
 k - 3 scrolls of teleportation
 m - a scroll of blinking {unknown}
 r - a scroll of enchant armour {unknown}
 B - a scroll of immolation {unknown}
Potions
 d - a potion of mutation {unknown}
 i - a potion of might
 j - a potion of degeneration {unknown}
 l - 2 potions of flight
 n - 2 potions of haste
 o - a potion of curing {unknown}
 p - a potion of heal wounds {unknown}
 s - 3 potions of brilliance
 u - a potion of lignification {unknown}
 A - a potion of berserk rage {unknown}
Comestibles
 c - 8 rations


   Skills:
 + Level 7.2(6.5) Fighting
 * Level 6.4(5.8) Maces & Flails
 + Level 6.0(5.4) Throwing
 - Level 2.1(1.5) Dodging


You had 7 spell levels left.
You didn't know any spells.
Your spell library was empty.

Dungeon Overview and Level Annotations

Branches:
Dungeon (6/15)
 Temple: D:4-7

Altars:
Fedhas
Hepliaklqana
Nemelex Xobeh
Okawaru
Ru
Sif Muna
Vehumet
Xom
Zin


Innate Abilities, Weirdness & Mutations

You are too large for most types of armour.
You have tough skin. (AC +1)
You have a pair of small horns on your head.
Scrolls take you a little longer to read.
Armour fits poorly on your strangely shaped body.
You heal very quickly.
You expend magic power (3 MP) to strengthen your wands.


Message History

* * * LOW HITPOINT WARNING * * *
You closely miss the mana viper.
The mana viper is moderately wounded.
The mana viper bites you.
* * * LOW HITPOINT WARNING * * *
You closely miss the mana viper.
The mana viper is moderately wounded.
The mana viper changes into a swamp worm!
You sock the swamp worm! Your headbutt misses the swamp worm.
The swamp worm is moderately wounded.
The swamp worm barely misses you.
You barely miss the swamp worm.
The swamp worm is moderately wounded.
The swamp worm barely misses you.
You barely miss the swamp worm. You headbutt the swamp worm!
The swamp worm is heavily wounded.
You barely miss the swamp worm.
The swamp worm is heavily wounded.
The swamp worm barely misses you. The swamp worm bites you!
You die...

#.)..###....#####.# ##.#
##........[........# #.#
.....#.##.########.# #.#
######.##(# #.# #.# # #.##.# #.#
#.# ######.##.# #.# #..
.......##.# ##.##### ####
.########.#######w.....#######...
.# #..[>[..@....#........... ##
########........######.## #
#.#.##.#.# #.# # #######.#.####.#
#.# ##########.......#.# #.# #.#
........##.#######.# #.# #.#
#######.##.# #.# #.######.# #
#.##.## #.# #........#
#######.#...######.# ##########


You could see a swamp worm shaped shifter.

Vanquished Creatures
  An orc warrior (D:6)
  4 ogres
  A bullfrog (D:5)
  2 wights (D:5)
  A howler monkey (D:5)
  3 hounds
  2 jellies (D:5)
  Crazy Yiuf (D:5)
  An orc wizard (D:5)
  2 bullfrog skeletons
  A centaur skeleton (D:4)
  Ijyb (D:4)
  A worker ant (D:5)
  6 gnolls
  Robin (D:3)
  4 adders
  2 shadow imps (D:5)
  2 adder skeletons (D:4)
  3 worms
  A leopard gecko (D:2)
  7 orcs
  5 bats
  3 giant cockroaches
  16 goblins
  9 hobgoblins
  3 jackals (D:5)
  8 kobolds
  A quokka (D:2)
  2 ball pythons
  7 frilled lizards
  A quokka skeleton (D:4)
  7 rats
109 creatures vanquished.

Vanquished Creatures (collateral kills)
  Eustachio (D:3)
  A worker ant (D:3)
2 creatures vanquished.

Grand Total: 111 creatures vanquished

Notes
Turn   | Place    | Note
-------+----------+-------------------------------------------
     0 | D:1      | 1994 the Ogre Chaos Knight began the quest for the Orb.
     0 | D:1      | Reached XP level 1. HP: 24/24 MP: 1/1
   139 | D:1      | Reached XP level 2. HP: 29/32 MP: 2/2
   144 | D:1      | Reached skill level 1 in Throwing
   238 | D:1      | XOM: silly message
   853 | D:1      | XOM: cloud trail
   883 | D:1      | XOM: 4-stop teleportation journey
   919 | D:2      | Reached XP level 3. HP: 34/40 MP: 3/3
  1010 | D:2      | XOM is BORED!
  1010 | D:2      | XOM: noise
  1590 | D:2      | Reached XP level 4. HP: 10/49 MP: 4/4
  1690 | D:1      | XOM: give mutations
  1690 | D:1      | Gained mutation: Your natural rate of healing is unusually
                  | fast. [Xom's grace]
  1690 | D:1      | Gained mutation: You expend magic power (3 MP) to
                  | strengthen your wands. [Xom's grace]
  1690 | D:1      | Gained mutation: You have a pair of small horns on your
                  | head. [Xom's grace]
  1690 | D:1      | Gained mutation: You heal very quickly. [Xom's grace]
  1731 | D:2      | XOM: smoke on damage
  1775 | D:2      | XOM: silly message
  2027 | D:3      | Found a glowing silver altar of Zin.
  2112 | D:3      | XOM: silly message
  2138 | D:3      | Found a shimmering blue altar of Sif Muna.
  2304 | D:3      | XOM: 3-stop teleportation journey
  2380 | D:3      | XOM: draining
  2410 | D:3      | Reached XP level 5. HP: 49/55 MP: 5/5
  2685 | D:3      | XOM: summons 1 hostile shadow creature
  2830 | D:3      | XOM: summons 1 hostile demon
  2902 | D:4      | XOM: smoke on damage
  2912 | D:3      | Reached skill level 5 in Fighting
  2927 | D:4      | Noticed Ijyb
  2931 | D:4      | XOM: give mutation
  2931 | D:4      | Gained mutation: Armour fits poorly on your strangely
                  | shaped body. [Xom's mischief]
  2939 | D:4      | XOM: potion effect (heal wounds)
  2940 | D:4      | XOM: cast spell 'Summon Ice Beast'
  2942 | D:4      | Killed Ijyb
  2962 | D:4      | Noticed Eustachio
  2970 | D:4      | XOM: chaos upgrade
  2977 | D:4      | XOM: cast spell 'Necromutation'
  2979 | D:4      | XOM: divination: detect creatures
  2993 | D:3      | XOM: summons 5 friendly demons
  3000 | D:3      | Reached XP level 6. HP: 31/66 MP: 6/6
  3006 | D:3      | Killed Eustachio
  3061 | D:4      | Found an iron altar of Okawaru.
  3074 | D:4      | XOM: polymorph gnoll -> goblin
  3114 | D:3      | XOM: cast spell 'Alistair's Intoxication'
  3260 | D:4      | Reached skill level 5 in Maces & Flails
  3260 | D:4      | Reached XP level 7. HP: 73/74 MP: 7/7
  3335 | D:4      | XOM: scenery: 1 doors open, 1 doors close
  3346 | D:4      | Reached skill level 6 in Fighting
  3350 | D:4      | XOM: scenery: create altars
  3369 | D:4      | Found a hazy altar of Hepliaklqana.
  3379 | D:4      | Noticed Robin
  3468 | D:3      | Killed Robin
  3492 | D:4      | XOM: scenery: 1 doors close
  3732 | D:4      | Reached skill level 5 in Throwing
  3814 | D:4      | Found a shimmering altar of Xom.
  4058 | D:4      | XOM: scenery: create altars
  4208 | D:4      | Found a blossoming altar of Fedhas.
  4247 | D:5      | Entered Level 5 of the Dungeon
  4367 | D:5      | Reached XP level 8. HP: 17/84 MP: 8/8
  4501 | D:5      | Found a sparkling altar of Nemelex Xobeh.
  4757 | D:5      | XOM: stat loss: -1 Dex (7/8)
  4798 | D:5      | Found a runed translucent door.
  4799 | D:5      | Noticed Crazy Yiuf
  4960 | D:5      | Killed Crazy Yiuf
  5159 | D:6      | Found a radiant altar of Vehumet.
  5190 | D:6      | XOM: 4-stop teleportation journey
  5195 | D:6      | Found a sacrificial altar of Ru.
  5213 | D:6      | XOM: swap monsters
  5235 | D:5      | Reached skill level 7 in Fighting
  5249 | D:5      | XOM: give mutation
  5249 | D:5      | Gained mutation: Scrolls take you a little longer to read.
                  | [Xom's mischief]
  5262 | D:5      | XOM: enchant monster (bad)
  5267 | D:5      | XOM: potion effect (stabbing)
  5321 | D:5      | XOM: summons 3 hostile shadow creatures
  5391 | D:5      | XOM: noise
  5392 | D:5      | Noticed a shapeshifter
  5392 | D:5      | an ogre changed into a shapeshifter
  5392 | D:5      | XOM: polymorph ogre -> shapeshifter
  5392 | D:5      | Noticed a yak
  5392 | D:5      | a shapeshifter changed into a yak
  5396 | D:5      | XOM: enchant monster (bad)
  5407 | D:5      | XOM: cleaving
  5410 | D:5      | Noticed a salamander
  5410 | D:5      | a yak changed into a salamander
  5462 | D:5      | Noticed a mana viper
  5462 | D:5      | a salamander changed into a mana viper
  5481 | D:5      | HP: 4/87 [mana viper (shapeshifter) (2)]
  5482 | D:5      | a mana viper changed into a swamp worm
  5486 | D:5      | Mangled by a swamp worm (shapeshifter)

Illustrated notes

Levels and vault maps discovered:
D:1:      erik_arrival_cave_to_civilisation [erik_arrival_cave_to_hall],
          layout_loops_ring
D:2:      layout_loops_cross, minmay_joined_circles
D:3:      layout_basic, old_standard_altar, lemuel_tele_altar
D:4:      layout_basic, okawaru_metal_pillars_3, xom_teletrap_fun,
          old_standard_altar, lemuel_coloured_pillars_altar, uniq_robin,
          uniq_ijyb, uniq_eustachio
D:5:      layout_loops_ring, nicolae_overflow_hidden_temple, first_ration,
          uniq_crazy_yiuf_cottage
D:6:      layout_cave_pools, nicolae_ru_great_annihilating_truth,
          old_standard_altar, kennysheep_mini_moat,
          yredelemnul_forgotten_temple_becter

Skill      XL: |  1  2  3  4  5  6  7  8 |
---------------+-------------------------+-----
Throwing       | 1 2 3 4 5 6 |  6.0
Maces & Flails | 3 4 5 6 |  6.4
Fighting       | 5 6 7 |  7.2
Dodging        | |  2.1

Action                   |  1- 3 |  4- 6 |  7- 9 || total
-------------------------+-------+-------+-------++-------
Melee: Mace              |   113 |   158 |   131 ||   402
       Headbutt          |       |    22 |    23 ||    45
       Giant club        |       |       |    20 ||    20
       Whip              |       |       |    14 ||    14
Throw: Stone             |       |     8 |    11 ||    19
       Dart              |       |       |     5 ||     5
  Use: Scroll            |     1 |     3 |     3 ||     7
       Potion            |     1 |       |     1 ||     2
 Stab: Petrified         |       |     4 |       ||     4
       Petrifying        |       |     1 |       ||     1
       Paralysed         |       |       |     2 ||     2
  Eat: Chunk             |     1 |     7 |     6 ||    14
Armor: Robe              |    50 |    77 |    52 ||   179
Dodge: Dodged            |    59 |   110 |   110 ||   279
